 Dungeon Crawl Stone Soup version 0.25-a0-294-gea9b1ad378 (webtiles) character file.

Game seed: 14287510790559217618, levelgen mode: deterministic

42 night the Chucker (level 3, -2/35 HPs)
             Began as a Troll Hunter on Dec 19, 2019.
             Slain by Sigmund
             ... wielding a cursed +0 scythe
              (7 damage)
             ... on level 3 of the Dungeon.
             The game lasted 00:02:31 (1236 turns).

night the Chucker (Troll Hunter)                    Turns: 1236, Time: 00:02:31

Health: -2/35      AC:  6    Str: 21    XL:     3   Next: 33%
Magic:  2/2        EV: 10    Int:  7    God:
Gold:   53         SH:  0    Dex: 10    Spells: 2/2 levels left

rFire    . . .     SeeInvis .     - Unarmed
rCold    . . .     Gourm    +   (no shield)
rNeg     . . .     Faith    .   b - +0 robe
rPois    .         Spirit   .   (helmet restricted)
rElec    .         Reflect  .   (no cloak)
rCorr    .         Harm     .   (gloves unavailable)
MR       .....                  (boots unavailable)
Stlth    ..........             (no amulet)
HPRegen  0.51/turn              a - ring of attention (curse)
MPRegen  0.08/turn              (no ring)

@: no status effects
A: large, unfitting armour, claws 3, fast metabolism 3, gourmand, regeneration
1, shaggy fur 1, tough skin 3
a: no special abilities


You were on level 3 of the Dungeon.
You were very hungry.

You visited 1 branch of the dungeon, and saw 3 of its levels.

You collected 53 gold pieces.

Inventory:

Missiles
 c - 5 large rocks (quivered)
 d - 2 throwing nets
Armour
 b - a +0 robe (worn)
Jewellery
 a - a cursed ring of attention (left claw)
Scrolls
 g - a scroll of enchant armour {unknown}
 k - a scroll of remove curse {unknown}
Potions
 e - a potion of curing {unknown}
 h - a potion of ambrosia {unknown}
 i - a potion of might {unknown}
 j - a potion of haste {unknown}
Comestibles
 f - 4 rations


   Skills:
 + Level 2.0 Fighting
 + Level 3.9 Throwing
 - Level 1.5 Dodging
 - Level 0.3 Stealth
 * Level 2.1 Unarmed Combat


You had 2 spell levels left.
You didn't know any spells.
Your spell library was empty.

Dungeon Overview and Level Annotations

Branches:
Dungeon (3/15)

Altars:

Annotations:
D:3 1 transporter, Sigmund


Innate Abilities, Weirdness & Mutations

You are too large for most types of armour.
You have claws for hands.
Your metabolism is lightning-fast.
You like to eat raw meat.
Your natural rate of healing is unusually fast.
You are covered in fur. (AC +1)
You have extremely tough skin. (AC +3)


Message History

Sigmund is moderately wounded.
Sigmund gestures wildly while chanting.
Sigmund flickers and vanishes!
Deactivating autopickup; reactivate with Ctrl-A.
No target in view!
No target in view!
No target in view!
You closely miss something. Something hits you!
You closely miss something. You closely miss something.
You hear some strange, mumbled words.
Something tries to affect you, but you resist.
You miss something. Something hits you!
You claw something! Something hits you!
* * * LOW HITPOINT WARNING * * *
You claw something! You scratch something but do no damage. Something hits you.
* * * LOW HITPOINT WARNING * * *
You barely miss something. Something hits you!
You die...

#.........##
####...#.##
+.......##
####...##
##.## #.#
#.# #.# #@#
#.....{!#
#.##.#### ..
#.# #


There were no monsters in sight!

Vanquished Creatures
  An adder (D:3)
  2 dart slugs
  5 giant cockroaches (D:1)
  3 goblins
  5 hobgoblins
  2 frilled lizards (D:1)
  5 kobolds
  4 rats
27 creatures vanquished.

Vanquished Creatures (others)
  2 plants (D:3)
2 creatures vanquished.

Grand Total: 29 creatures vanquished

Notes
Turn   | Place    | Note
-------+----------+-------------------------------------------
     0 | D:1      | night the Troll Hunter began the quest for the Orb.
     0 | D:1      | Reached XP level 1. HP: 19/19 MP: 0/0
     6 | D:1      | Noticed a basilisk
     6 | D:1      | Noticed a queen ant
     6 | D:1      | Noticed a centaur
    81 | D:1      | Reached skill level 1 in Unarmed Combat
   103 | D:1      | Reached XP level 2. HP: 28/28 MP: 1/1
  1119 | D:3      | Reached XP level 3. HP: 35/35 MP: 2/2
  1190 | D:3      | Found a transporter.
  1220 | D:3      | Noticed Sigmund
  1236 | D:3      | Slain by Sigmund

Levels and vault maps discovered:
D:1:      onia_arrival_zoo_common, layout_rooms, minmay_worlds_worst_comb
D:2:      layout_basic, first_ration
D:3:      layout_loops_corners, led_sif_pool, gammafunk_ghost_gnarly_gnolls,
          uniq_sigmund

Skill      XL: |  1  2  3 |
---------------+----------+-----
Unarmed Combat | 1 2 |  2.1
Fighting       | 2 |  2.0
Throwing       | |  3.9
Dodging        | |  1.5
Stealth        | |  0.3

Action                   || total
-------------------------++-------
Melee: Short sword       ||     9
       Unarmed           ||    80
  Use: Scroll            ||     1
  Eat: Chunk             ||     7
Armor: Robe              ||    28
Dodge: Dodged            ||    32

Table legend:
 A = Non-vault XP
 B = Vault XP
 C = Vault XP percentage of total XP
 D = Non-vault monster count
 E = Vault monster count
 F = Vault count percentage of total count
                 A         B        C        D         E       F
            +---------+---------+-------+---------+---------+-------
      Total |      50 |      10 |  16.7 |      22 |       5 |  18.5
            +---------+---------+-------+---------+---------+-------
        D:1 |      23 |      10 |  30.3 |      13 |       5 |  27.8
        D:2 |       7 |       0 |   0.0 |       5 |       0 |   0.0
        D:3 |      20 |       0 |   0.0 |       4 |       0 |   0.0
            +---------+---------+-------+---------+---------+-------
